AoeStats
← maimadana

Arabia

510515708Analyzed
1v1 RM · 1d ago on Oct 1, 2026· 47m 8s· 2 players
Game mode
Random Map
Map size
Tiny (2 player)
Population
200
Speed
Normal
Resources
Standard
Victory
Conquest
Starting age
Dark Age
Ending age
Imperial Age
RankedLock teamsTeams togetherTeam positionsShared explorationLock speedFull tech treeHidden civsTurbo modeCheats
Victory
Defeat
🇨🇿 Italians · Czechia
823
+16
🇹🇷 Aztecs · Türkiye
832
-16
maimadana
2:22 Loom
10:16 Feudal Age
10:49 Double-Bit Axe
11:03 Horse Collar
13:03 Fletching
20:09 Padded Archer Armor
22:51 Castle Age
21:16 Gold Mining
23:30 Bloodlines
23:33 Forging
23:14 Crossbowman
25:47 Bodkin Arrow
27:53 Wheelbarrow
26:50 Light Cavalry
27:42 Husbandry
29:09 Scale Barding Armor
29:58 Ballistics
31:14 Leather Archer Armor
36:08 Imperial Age
33:59 Thumb Ring
36:11 Iron Casting
37:38 Bracer
38:08 Ring Archer Armor
37:01 Arbalester
41:07 Chain Barding Armor
41:48 Blast Furnace
42:32 Chemistry
43:49 Cavalier
46:33 Plate Barding Armor
MIMIR
10:49 Feudal Age
12:19 Double-Bit Axe
22:04 Castle Age
22:45 Horse Collar
22:44 Elite Skirmisher
24:30 Padded Archer Armor
26:02 Leather Archer Armor
26:10 Loom
26:10 Town Watch
27:39 Wheelbarrow
29:34 Bow Saw
30:12 Fletching
31:11 Hand Cart
31:30 Ballistics
30:52 Treadmill Crane
34:09 Gold Mining
34:09 Stone Mining
34:46 Sanctity
34:58 Eagle Warrior
35:24 Arson
35:40 Squires
35:26 Gambesons
38:27 Devotion
38:28 Atonement
38:38 Redemption
38:38 Fervor
38:47 Bodkin Arrow
40:41 Heavy Plow
44:50 Imperial Age
Connection lost

Rejoining the realm…

Still unreachable

The connection could not be restored.

Session expired

The server has moved on; the page needs a fresh start.